 Dungeon Crawl Stone Soup version 0.25-a0-834-g55863b0b92 (webtiles) character file.

Game seed: 11143443440162955431, levelgen mode: deterministic

1535 Nixze the Destroyer (level 8, 0/46 HPs)
             Began as a Deep Elf Conjurer on Apr 23, 2020.
             Was a Believer of Vehumet.
             Splashed by Pikel's acid (12 damage)
             ... on level 6 of the Dungeon.
             The game lasted 00:18:41 (7625 turns).

Nixze the Destroyer (Deep Elf Conjurer)             Turns: 7625, Time: 00:18:42

Health: 0/46       AC:  5    Str:  6    XL:     8   Next: 55%
Magic:  8/18       EV: 14    Int: 22    God:    Vehumet [**....]
Gold:   200        SH:  0    Dex: 15    Spells: 4/17 levels left

rFire    . . .     SeeInvis .   l - +1 dagger (elec)
rCold    . . .     Gourm    .   (no shield)
rNeg     . . .     Faith    .   x - +0 leather armour
rPois    .         Spirit   .   B - +0 helmet
rElec    .         Reflect  .   (no cloak)
rCorr    .         Harm     .   (no gloves)
MR       .....                  G - +0 pair of boots
Stlth    +++.......             b - amulet of regeneration
HPRegen  0.55/turn              (no ring)
MPRegen  0.16/turn              (no ring)

@: no status effects
A: no striking features
a: Renounce Religion


You were on level 6 of the Dungeon.
You worshipped Vehumet.
Vehumet was pleased with you.
You were not hungry.

You visited 2 branches of the dungeon, and saw 7 of its levels.

You collected 200 gold pieces.

Inventory:

Hand Weapons
 h - a +1 dagger of venom
 l - a +1 dagger of electrocution (weapon)
Missiles
 j - 32 poisoned darts (quivered)
 k - 70 stones
Armour
 a - a +0 robe
 x - a +0 leather armour (worn)
 B - a +0 helmet (worn)
 G - a +0 pair of boots (worn)
Jewellery
 b - an amulet of regeneration (around neck)
 q - a cursed -2 ring of evasion {unknown}
 v - an uncursed ring of flight {unknown}
Wands
 p - a wand of disintegration (12)
 z - a wand of iceblast (15)
 D - a wand of scattershot (3)
 E - a wand of paralysis (7)
Scrolls
 f - a scroll of amnesia {unknown}
 g - 2 scrolls of noise {unknown}
 i - 2 scrolls of remove curse
 m - 3 scrolls of teleportation {unknown}
 n - 4 scrolls of identify {unknown}
 r - 3 scrolls of magic mapping {unknown}
 u - a scroll of immolation {unknown}
 y - a scroll of fear {unknown}
 A - 2 scrolls of random uselessness {unknown}
 F - a scroll of enchant weapon {unknown}
 J - a scroll of blinking {unknown}
Potions
 d - a potion of brilliance {unknown}
 e - a potion of haste {unknown}
 o - a potion of resistance {unknown}
 s - a potion of curing
 t - a potion of lignification {unknown}
 w - a potion of flight {unknown}
 C - 2 potions of cancellation {unknown}
 H - a potion of invisibility {unknown}
Comestibles
 c - 10 rations


   Skills:
 + Level 3.1 Fighting
 + Level 5.3 Dodging
 - Level 5.1 Stealth
 - Level 5.4 Spellcasting
 + Level 8.5 Conjurations
 * Level 3.7 Translocations


You had 4 spell levels left.
You knew the following spells:

 Your Spells              Type           Power        Failure   Level  Hunger
a - Magic Dart            Conj           ####         1%          1    None
b - Searing Ray           Conj           #####.       1%          2    None
c - Fulminant Prism       Conj/Hex       ###.......   26%         4    ####...
d - Iskenderun's Mystic   Conj/Tloc      ####....     12%         4    ####...
e - Blink                 Tloc           N/A          4%          2    None

Your spell library contained the following spells:

 Spells                   Type           Power        Failure   Level  Hunger
 Foxfire                  Conj/Fire      ###.         2%          1    None
 Conjure Flame            Conj/Fire      ###.....     8%          3    ##.....
 Dazzling Flash           Conj/Hex       ###...       8%          3    ##.....
 Mephitic Cloud           Conj/Pois/Air  ###.....     14%         3    ##.....
 Call Imp                 Summ           #.......     22%         2    None
 Slow                     Hex            #.......     22%         2    None


Dungeon Overview and Level Annotations

Branches:
Dungeon (6/15)             Temple (1/1) D:4

Altars:
Dithmenos
Elyvilon
Fedhas
Gozag
Hepliaklqana
Makhleb
Nemelex Xobeh
Sif Muna
Trog
Vehumet
Xom
Zin
The Shining One

Annotations:
D:5 Sigmund
D:6 Pikel


Message History

The slave shouts! x2; You hear a shout!
A slave comes into view.
The slave shouts!
Pikel the Slaver comes into view.
He is wielding a +0 whip of flaming and carrying a wand of acid (8).
Casting: Searing Ray (safe; 1% risk of failure)
Confirm with . or Enter, or press ? or * to list all spells.
Okay, then.
Unknown command.
Casting: Searing Ray (safe; 1% risk of failure)
Confirm with . or Enter, or press ? or * to list all spells.
You erupt in a blast of force!
The mystic blast hits the slave.
The slave is lightly wounded.
The slave is knocked back by the mystic blast.
You hear a shout!
Pikel zaps a wand.
The bolt of acid hits you!
You are splashed with acid!
There is an open door here.
Pikel zaps a wand.
The bolt of acid hits you!
* * * LOW HITPOINT WARNING * * *
You are splashed with acid!
You die...

#.....#........#.......#
#.....#....##+##.......#
#.....#....##..#.......#
#.....#....##..#.......#
#.....#........#.......#
#.....#....##..#.......#
#.....#....##..#.......#
#.....#........#.......#
#.....#.......@'.......#
#.....#....##..#.p.....# ...
#.....#....##..#.......# ...
#.....#.....#..#...pp..#....
#.....#.....#..#...Kp..#....
#.....#....##..#.......'...
#.....#..<.##..#.......#..
#.....#....#...#......)#
#.....#....#...#......)#


You could see Pikel and 4 slaves.

Vanquished Creatures
  An ice beast (D:5)
  3 orc warriors (D:6)
  3 centaurs (D:5)
  An ogre (D:4)
  A bullfrog (D:6)
  A wight (D:5)
  3 orc priests
  A centaur skeleton (D:5)
  A hound (D:5)
  10 orc wizards
  An iguana (D:5)
  A worker ant (D:4)
  Robin (D:4)
  3 gnolls (D:4)
  8 adders
  A shadow imp (D:4)
  An adder zombie (D:6)
  2 worms
  A dart slug (D:3)
  4 leopard geckos
  19 orcs
  8 giant cockroaches
  23 goblins
  9 hobgoblins
  14 jackals
  10 kobolds
  A ball python (D:1)
  5 bats
  7 frilled lizards
  A leopard gecko zombie (D:5)
  A quokka zombie (D:5)
  5 rats
151 creatures vanquished.

Notes
Turn   | Place    | Note
-------+----------+-------------------------------------------
     0 | D:1      | Nixze the Deep Elf Conjurer began the quest for the Orb.
     0 | D:1      | Reached XP level 1. HP: 10/10 MP: 6/6
   507 | D:1      | Reached XP level 2. HP: 15/15 MP: 0/8
   578 | D:1      | Learned a level 2 spell: Searing Ray
   704 | D:1      | Reached skill level 5 in Conjurations
  1216 | D:2      | Reached XP level 3. HP: 19/19 MP: 5/9
  1866 | D:2      | Reached skill level 6 in Conjurations
  2126 | D:2      | Found a glowing silver altar of Zin.
  2289 | D:2      | Reached XP level 4. HP: 24/24 MP: 6/10
  3098 | D:3      | Found a blossoming altar of Fedhas.
  3106 | D:3      | Reached XP level 5. HP: 24/28 MP: 3/12
  3180 | D:3      | Learned a level 4 spell: Fulminant Prism
  3591 | D:4      | Found a staircase to the Ecumenical Temple.
  3600 | Temple   | Entered the Ecumenical Temple
  3632 | Temple   | Became a worshipper of Vehumet
  3680 | D:4      | Reached skill level 1 in Fighting
  3824 | D:4      | Noticed an ogre
  3829 | D:4      | Killed an ogre
  4030 | D:4      | Reached XP level 6. HP: 26/34 MP: 8/13
  4181 | D:4      | Found a shimmering altar of Xom.
  4181 | D:4      | Noticed Robin
  4352 | D:4      | Reached * piety under Vehumet
  4352 | D:4      | Offered knowledge of Shock by Vehumet.
  4360 | D:4      | Killed Robin
  4515 | D:4      | Reached skill level 7 in Conjurations
  4710 | D:5      | Entered Level 5 of the Dungeon
  4710 | D:5      | Found a shadowy altar of Dithmenos.
  4808 | D:4      | Learned a level 4 spell: Iskenderun's Mystic Blast
  5048 | D:5      | Found a bloodstained altar of Trog.
  5173 | D:5      | Noticed Sigmund
  5476 | D:5      | Reached XP level 7. HP: 24/39 MP: 12/15
  5724 | D:5      | Reached skill level 1 in Translocations
  5892 | D:5      | Found a burning altar of Makhleb.
  6279 | D:5      | Found a shimmering blue altar of Sif Muna.
  6468 | D:5      | Reached skill level 5 in Spellcasting
  6510 | D:5      | HP: 1/40 [centaur/arrow (4)]
  6511 | D:5      | Reached skill level 8 in Conjurations
  6728 | D:6      | Reached XP level 8. HP: 40/45 MP: 15/17
  6787 | D:6      | Reached skill level 5 in Stealth
  7185 | D:6      | Offered knowledge of Foxfire by Vehumet.
  7193 | D:6      | Reached ** piety under Vehumet
  7323 | D:6      | Reached skill level 5 in Dodging
  7399 | D:5      | Learned a level 2 spell: Blink
  7616 | D:6      | Noticed Pikel
  7625 | D:6      | Splashed by Pikel's acid

Levels and vault maps discovered:
D:1:      dpeg_arrival_leaves_temple_mockup, layout_loops_corners
D:2:      layout_basic, marbit_many_paths
D:3:      layout_loops_ring, nicolae_overflow_crystal_walls
D:4:      layout_basic, old_standard_altar, minmay_temple_entry_waves,
          first_ration, uniq_robin
D:5:      layout_layer_cave, lemuel_doored_altar,
          nicolae_dithmenos_shadow_blocks, lemuel_blue_sif_altar,
          grunt_decor_arrowhead, makhleb_blood_cavern_becter, uniq_sigmund
D:6:      layout_gridville, nicolae_ru_sacrificial_ziggurat, uniq_pikel
Temple:   compressed_dpeg_triangle_lava_temple

Skill      XL: |  1  2  3  4  5  6  7  8 |
---------------+-------------------------+-----
Conjurations   | 5 6 7 8 |  8.5
Fighting       | 1 2 3 |  3.1
Stealth        | 3 4 5 |  5.1
Dodging        | 3 4 5 |  5.3
Spellcasting   | 4 5 |  5.4
Translocations | 2 3 |  3.7

Action                   |  1- 3 |  4- 6 |  7- 9 || total
-------------------------+-------+-------+-------++-------
Melee: Dagger            |    11 |    16 |     5 ||    32
Throw: Dart              |       |     7 |     2 ||     9
 Cast: Magic Dart        |    75 |   139 |   127 ||   341
       Searing Ray       |       |     4 |    14 ||    18
       Iskenderun's Myst |       |       |     1 ||     1
  Use: Scroll            |     1 |       |       ||     1
 Stab: Sleeping          |     1 |       |       ||     1
  Eat: Chunk             |     4 |    10 |     6 ||    20
Armor: Robe              |     2 |     2 |       ||     4
       Leather armour    |       |     4 |     7 ||    11
Dodge: Dodged            |     9 |    25 |    33 ||    67

Table legend:
 A = Non-vault XP
 B = Vault XP
 C = Vault XP percentage of total XP
 D = Non-vault monster count
 E = Vault monster count
 F = Vault count percentage of total count
                 A         B        C        D         E       F
            +---------+---------+-------+---------+---------+-------
      Total |    2117 |      77 |   3.5 |     137 |      14 |   9.3
            +---------+---------+-------+---------+---------+-------
        D:1 |      20 |       0 |   0.0 |      14 |       0 |   0.0
        D:2 |     107 |       2 |   1.8 |      33 |       1 |   2.9
        D:3 |      85 |       0 |   0.0 |      31 |       0 |   0.0
        D:4 |     298 |      35 |  10.5 |      12 |      12 |  50.0
        D:5 |     899 |      40 |   4.3 |      26 |       1 |   3.7
        D:6 |     708 |       0 |   0.0 |      21 |       0 |   0.0
            +---------+---------+-------+---------+---------+-------
